 Dungeon Crawl Stone Soup version 0.23.2-40-g277498a (webtiles) character file.

Game seed: 12182779842943826313

254 Fang the Skirmisher (level 6, -4/39 HPs)
             Began as a Gargoyle Berserker on Sept 6, 2019.
             Was a Believer of Trog.
             Slain by an orc priest
             ... wielding a +0 hand axe
              (5 damage)
             ... on level 3 of the Dungeon.
             The game lasted 00:01:34 (1435 turns).

Fang the Skirmisher (Gargoyle Berserker)            Turns: 1435, Time: 00:01:35

Health: -4/39      AC:  9    Str: 23    XL:     6   Next: 14%
Magic:  6/6        EV: 12    Int:  7    God:    Trog [**....]
Gold:   132        SH:  0    Dex:  9    Spells: 5/5 levels left

rFire    . . .     SeeInvis .   a - +0 hand axe
rCold    . . .     Gourm    .   (no shield)
rNeg     + . .     Faith    .   b - +0 animal skin
rPois    ∞         Spirit   .   (no helmet)
rElec    +         Reflect  .   (no cloak)
rCorr    .         Harm     .   (no gloves)
MR       .....                  (no boots)
Stlth    +.........             (no amulet)
HPRegen  0.13/turn              g - +3 ring of protection
MPRegen  0.10/turn              (no ring)

@: berserk cooldown, slowed, very slow
A: negative energy resistance 1, electricity resistance, unbreathing,
petrification resistance, rot immunity, AC +4
a: Berserk, Trog's Hand, Renounce Religion


You were on level 3 of the Dungeon.
You worshipped Trog.
Trog was pleased with you.
You were hungry.

You visited 1 branch of the dungeon, and saw 3 of its levels.

You collected 132 gold pieces.

Inventory:

Hand Weapons
 a - a +0 hand axe (weapon)
Armour
 b - a +0 animal skin (worn)
Jewellery
 g - a +3 ring of protection (left hand)
 j - an uncursed ring of positive energy {unknown}
Scrolls
 d - 2 scrolls of amnesia {unknown}
 e - a scroll of immolation {unknown}
 i - 5 scrolls of identify {unknown}
 k - a scroll of enchant weapon {unknown}
 m - a scroll of blinking {unknown}
 p - a scroll of magic mapping {unknown}
Potions
 f - 2 potions of flight {unknown}
 l - 2 potions of haste {unknown}
 n - a potion of ambrosia {unknown}
 o - a potion of invisibility {unknown}
Comestibles
 c - 4 rations
 h - 11 chunks of flesh


   Skills:
 + Level 4.6 Fighting
 + Level 3.8 Axes
 + Level 3.9 Armour
 + Level 2.8 Dodging


You had 5 spell levels left.
You didn't know any spells.
Your spell library was empty.

Dungeon Overview and Level Annotations

Branches:
Dungeon (3/15)

Altars:


Innate Abilities, Weirdness & Mutations

You are resistant to torment.
Your stone body is resilient. (AC +4)
You are immune to poison.
You resist negative energy. (rN+)
You are resistant to electric shocks. (rElec)
You can survive without breathing.
You are immune to petrification.
You are immune to rotting.


Message History

You are no longer berserk.
You are exhausted.
You feel yourself slow down. The orc priest closely misses you.
Things that are here:
a +0 dagger; a +0 chain mail; an orc corpse You hit the orc priest but do no damage.
The orc priest hits you with a +0 hand axe.
* * * LOW HITPOINT WARNING * * *
You hit the orc priest.
The orc priest is heavily wounded.
The orc priest hits you but does no damage.
The orc priest closely misses you.
You hit the orc priest but do no damage.
The orc priest is heavily wounded.
The orc priest hits you but does no damage.
You hit the orc priest.
The orc priest is heavily wounded.
The orc priest hits you but does no damage.
The orc priest hits you with a +0 hand axe.
You die...

###.### #
#.....#
..##.....######
................
#.##......#####.
# #...........
## ###.########
##...###)#
.....oo@)#
##....##.# ##..
#.# #. ..# # ###


You could see an orc priest and an orc.

Vanquished Creatures
  Sigmund (D:2)
  An orc priest (D:3)
  An adder (D:2)
  A worm (D:2)
  3 dart slugs (D:2)
  2 orcs (D:3)
  13 giant cockroaches (D:2)
  5 goblins
  5 hobgoblins
  2 jackals (D:2)
  6 kobolds
  A quokka (D:2)
  2 ball pythons (D:1)
  A bat (D:2)
  2 frilled lizards
  8 rats
54 creatures vanquished.

Notes
Turn   | Place    | Note
-------+----------+-------------------------------------------
     0 | D:1      | Fang the Gargoyle Berserker began the quest for the Orb.
     0 | D:1      | Reached XP level 1. HP: 14/14 MP: 1/1
   371 | D:1      | Reached XP level 2. HP: 19/19 MP: 2/2
   707 | D:2      | Reached XP level 3. HP: 23/23 MP: 3/3
   747 | D:2      | Noticed Sigmund
   758 | D:2      | Killed Sigmund
   758 | D:2      | Reached skill level 4 in Fighting
   758 | D:2      | Reached XP level 4. HP: 21/30 MP: 4/4
   758 | D:2      | Reached XP level 5. HP: 24/34 MP: 5/5
   930 | D:2      | Reached ** piety under Trog
  1422 | D:3      | Reached XP level 6. HP: 30/39 MP: 6/6
  1430 | D:3      | HP: 2/58 [orc priest/divine providence (14)]
  1435 | D:3      | Slain by an orc priest

Skill      XL: |  1  2  3 |
---------------+----------+-----
Axes           | 3 |  3.8
Fighting       | 4 |  4.6
Armour         | 3 |  3.9
Dodging        | 2 |  2.8

Action                   |  1- 3 |  4- 6 || total
-------------------------+-------+-------++-------
Melee: Hand axe          |    58 |   118 ||   176
Invok: Berserk           |     1 |     1 ||     2
  Eat: Chunk             |       |     3 ||     3
Armor: Animal skin       |    15 |    57 ||    72
Dodge: Dodged            |    34 |    92 ||   126
